[Event "Late-Titled-Tuesday-Blitz-April-30-2024"]
[Site "Chess.com"]
[Date "2024.04.30"]
[Round "6"]
[White "Romkachess"]
[Black "H3nriqueTV"]
[Result "1-0"]
[WhiteElo "2634"]
[BlackElo "2422"]
[TimeControl "180+1"]
[EndTime "15:07:13 PDT"]
[Termination "Romkachess won by resignation"]

1. e4 c5 2. Nf3 b6 3. d4 cxd4 4. Nxd4 Bb7 5. Nc3 a6 6. Bc4 e6 7. O-O Qc7 8. Bb3 Nf6 9. Qe2 Bb4 10. e5 Bxc3 11. bxc3 Nd5 12. c4 Ne7 13. Ba3 Nbc6 14. Nf3 O-O 15. Bd6 Qc8 16. h4 Re8 17. Ng5 h6 18. Ne4 Nd4 19. Nf6+ gxf6 20. Qg4+ Kh8 21.
Qxd4 Nf5 22. Qf4 Rg8 23. f3 Kh7 24. c3 Rg6 25. Bc2 fxe5 26. Bxe5 Qg8 27. Rf2 d6 28.
Bxd6 f6 29. Bxf5 exf5 30. Re1 Re8 31. Rxe8 Qxe8 32. Kh2 Qe1 33. Qd4 Bxf3 34. Rxf3 Rg4 35. Qxb6 Qxh4+ 36. Rh3 Qg5 37. Qc7+ Kg6 38. Rg3 Rxg3 39.
Bxg3 Qh5+ 40. Kg1 Qd1+ 41. Kf2 Qd2+ 42. Kf1 Qd1+ 43. Be1 Qd3+ 44. Kg1 Qe3+ 45. Bf2 Qc1+ 46. Kh2 Qxc3 47. Qg3+ Qxg3+ 48. Kxg3 Kg5 49. Be3+ Kg6 50. c5 1-0

[Event "Late-Titled-Tuesday-Blitz-April-30-2024"]
[Site "Chess.com"]
[Date "2024.04.30"]
[Round "6"]
[White "dropstoneDP"]
[Black "DeTimmerman"]
[Result "1-0"]
[WhiteElo "3001"]
[BlackElo "2784"]
[TimeControl "180+1"]
[EndTime "15:07:14 PDT"]
[Termination "dropstoneDP won by resignation"]

1. e4 e5 2. Nf3 Nc6 3. Bb5 f5 4. d3 fxe4 5. dxe4 Nf6 6. O-O d6 7. Qd3 Be7 8. Nc3 O-O 9. a3 Kh8 10. Bc4 Qe8 11. Bg5 Qg6 12. Kh1 Nh5 13. Bxe7 Nf4 14. Nh4 Qe8 15. Bxf8 Nxd3 16. Bxg7+ Kxg7 17. cxd3 Nd4 18. f4 Qh5 19. Nf3 Bg4 20. Nxd4 exd4 21. Nb5 Qc5 22. b4 Qb6 23. a4 a5 24. bxa5 Rxa5 25.
f5 Kf6 26. Rab1 Rxa4 27. h3 Be2 28. Rfe1 Bh5 29. Bd5 Qa5 30. Bxb7 Rb4 31. Bc6 Rxb1 32. Rxb1 Qd2 33. Nxc7 Qxd3 34. Nd5+ Ke5 35. Rg1 Qxe4 36. Nb4 Qxf5 37. Re1+ Kf6 38. Be4 Qf4 39. Nd5+ Kg5 40. Nxf4 Kxf4 41. Bd3 Bg6 42. Bxg6 hxg6 43. Kg1 d3 44.
Kf2 d5 45. g3+ 1-0

[Event "Late-Titled-Tuesday-Blitz-April-30-2024"]
[Site "Chess.com"]
[Date "2024.04.30"]
[Round "6"]
[White "kleinebeer98"]
[Black "IMRosen"]
[Result "1-0"]
[WhiteElo "2918"]
[BlackElo "2685"]
[TimeControl "180+1"]
[EndTime "15:07:14 PDT"]
[Termination "kleinebeer98 won by checkmate"]

1. e4 c5 2. Nf3 Nc6 3. Bc4 g6 4. d4 cxd4 5. Nxd4 Bg7 6. Nf3 Nf6 7. Nc3 O-O 8. O-O d6 9. h3 Na5 10. Bb3 b6 11. Bg5 Ba6 12. Re1 Rc8 13. e5 dxe5 14.
Nxe5 Qxd1 15. Raxd1 Bb7 16. Bxf6 exf6 17. Nd7 Rfd8 18.
Re7 Nxb3 19. axb3 Bc6 20. Rd6 f5 21. Nf6+ Kf8 22. Rxd8+ Rxd8 23. Rc7 Bxg2 24. Nxh7+ Kg8 25. Kxg2 Kxh7 26. Rxf7 Kg8 27. Rxa7 Bxc3 28. bxc3 Rd2 29.
Rb7 Rxc2 30. Rxb6 Rxc3 31. Rxg6+ Kf7 32. Rb6 Kg7 33. b4 Rb3 34. h4 Kf7 35. b5 Kg7 36. Rb8 Kg6 37. b6 Kg7 38. b7 Kh7 39. h5 Kg7 40.
h6+ Kh7 41. Kf1 f4 42. Ke2 f3+ 43. Kd2 Rb6 44. Ke3 Rb3+ 45. Kf4 Rb6 46. Kxf3 Rf6+ 47. Kg4 Rg6+ 48. Kf3 Rb6 49. Kg2 Rg6+ 50. Kf1 Rb6 51. f4 Rb4 52. f5 Rb5 53. f6 Rb6 54. Ke2 Rxf6 55. Rc8 Kxh6 56. b8=Q Rg6 57. Qf4+ Kg7 58. Qf8+ Kh7 59. Qh8# 1-0

[Event "Late-Titled-Tuesday-Blitz-April-30-2024"]
[Site "Chess.com"]
[Date "2024.04.30"]
[Round "6"]
[White "HansOnTwitch"]
[Black "MyDream003"]
[Result "1-0"]
[WhiteElo "3196"]
[BlackElo "2833"]
[TimeControl "180+1"]
[EndTime "15:07:16 PDT"]
[Termination "HansOnTwitch won on time"]

1. e4 e5 2. Nf3 Nc6 3. Bc4 Bc5 4. d3 Nf6 5. O-O h6 6. c3 d6 7. Re1 O-O 8. Nbd2 a6 9. Nf1 Re8 10. h3 Ba7 11. Ng3 Be6 12. Bxe6 Rxe6 13. b4 Qd7 14. a4 Ne7 15. d4 Ng6 16. Be3 Ree8 17. Qc2 Qc6 18. b5 Qd7 19. Rab1 axb5 20. axb5 exd4 21.
cxd4 Bb6 22. Nd2 Ra5 23. Qd3 Rea8 24. Rec1 d5 25. e5 Nh7 26. f4 Ne7 27. f5 Ra3 28.
Rb3 Rxb3 29. Nxb3 Ra3 30. Rc3 Ng5 31. Bxg5 hxg5 32. Kh2 g6 33. fxg6 Nxg6 34. Nh5 Qe6 35. Nf6+ Kh8 36. Qc2 Ra8 37. Rg3 Kg7 38. Rxg5 Rh8 39.
Nc5 Bxc5 40. Qxc5 Rh4 41. Kg3 Rh8 42. h4 c6 43. h5 1-0

[Event "Late-Titled-Tuesday-Blitz-April-30-2024"]
[Site "Chess.com"]
[Date "2024.04.30"]
[Round "6"]
[White "amintabatabaei"]
[Black "shimastream"]
[Result "0-1"]
[WhiteElo "3110"]
[BlackElo "3047"]
[TimeControl "180+1"]
[EndTime "15:07:17 PDT"]
[Termination "shimastream won by checkmate"]

1. c4 g6 2. g3 Bg7 3. Bg2 Nf6 4. d4 c5 5. Nf3 cxd4 6. Nxd4 O-O 7. Nc3 Qc7 8. Nd5 Nxd5 9. cxd5 Qa5+ 10. Bd2 Qb6 11. Bc3 d6 12. a4 a5 13. O-O Bd7 14. Qd2 Na6 15. Rfb1 Rfc8 16. e3 Nc5 17. b3 Qd8 18. Rc1 h5 19. h4 Bf6 20. Rab1 Qf8 21. Bxa5 Bxd4 22. exd4 Nxb3 23. Rxc8 Qxc8 24. Rxb3 Bxa4 25. Rc3 Qf5 26. Ra3 Bc2 27. Bb4 Re8 28. Re3 Kf8 29.
Qe2 Ba4 30. Kh2 Qb1 31. Qe1 Qf5 32. Qa1 Bb5 33. Qb2 Bc4 34. Be1 Bxd5 35. Bxd5 Qxd5 36. Rb3 Qe4 37. Bd2 Rc8 38. Rc3 Ra8 39. Be3 Qd5 40. Rb3 Ra7 41. Rb5 Ra2 42. Qb1 Qc4 43.
Rxb7 Qe2 44. Qe4 Kg7 45. Qxe7 Qf3 46. Kh3 Qh1# 0-1

[Event "Late-Titled-Tuesday-Blitz-April-30-2024"]
[Site "Chess.com"]
[Date "2024.04.30"]
[Round "6"]
[White "Evan_Attaker"]
[Black "JiangoFett"]
[Result "0-1"]
[WhiteElo "2623"]
[BlackElo "2481"]
[TimeControl "180+1"]
[EndTime "15:07:18 PDT"]
[Termination "JiangoFett won by checkmate"]

1. Nf3 Nf6 2. c4 b6 3. g3 Bb7 4.
Bg2 g6 5. O-O Bg7 6. b3 O-O 7. Bb2 d6 8. d4 Nbd7 9. Nc3 Ne4 10. Qc2 Nxc3 11. Bxc3 Nf6 12. Rad1 Be4 13. Qb2 Qc8 14. d5 e5 15. b4 Nd7 16. Bh3 Qd8 17. Nd2 Bf5 18. Bg2 g5 19. Nb3 Re8 20. c5 bxc5 21. bxc5 Rb8 22. Qa3 Bc2 23. c6 Nb6 24.
Rc1 Bg6 25. Na5 e4 26. Bxg7 Kxg7 27. Nb7 Qf6 28. Qc3 Nxd5 29. Qxf6+ Kxf6 30. f3 Ne3 31. Rf2 Nxg2 32. Kxg2 e3 33. Rff1 Re5 34. Rc3 d5 35.
Ra3 d4 36. Rxa7 Rb5 37. Rd1 Rb2 38. Rxd4 Rxe2+ 39. Kh3 Rf2 40. Ra3 Rxf3 41. Nc5 Re8 42. Nd7+ Kg7 43. Kg4 Rf2 44. Rdd3 h5+ 45. Kxg5 f6+ 46.
Kh4 Re4+ 47. g4 Rxg4+ 48. Kh3 Rf3# 0-1

[Event "Late-Titled-Tuesday-Blitz-April-30-2024"]
[Site "Chess.com"]
[Date "2024.04.30"]
[Round "6"]
[White "MFatigue"]
[Black "xasid81"]
[Result "0-1"]
[WhiteElo "2482"]
[BlackElo "2646"]
[TimeControl "180+1"]
[EndTime "15:07:18 PDT"]
[Termination "xasid81 won on time"]

1. e4 e6 2. d4 d5 3. Nc3 Nc6 4. Nf3 Nf6 5. e5 Ne4 6. Ne2 f6 7. exf6 Nxf6 8. Ng3 Bd6 9. Bd3 O-O 10. Qe2 e5 11. dxe5 Nxe5 12. Nxe5 Bxe5 13. O-O Re8 14. Qd2 Ng4 15. Qg5 Qxg5 16. Bxg5 Bxb2 17. Rab1 Bf6 18. Bf4 c6 19. h3 Ne5 20. Rfe1 b6 21. Nh5 Bd7 22. Nxf6+ gxf6 23. Ba6 Ng6 24. Bd6 Re6 25. Rxe6 Bxe6 26. Bg3 Rd8 27. a4 Bf5 28. Rc1 Ne5 29. f4 Nf7 30. Bf2 Nd6 31. a5 c5 32.
axb6 axb6 33. g4 Be4 34. c3 Ra8 35. Bf1 Ra2 36. Be3 f5 37. Bf2 Kf7 38. Be3 Ke6 39. Bf2 Nc4 40. Bxc4 dxc4 41. g5 Rb2 42. h4 Bf3 43. Kf1 Kf7 44. Re1 Be4 45. Rd1 Kg6 0-1

[Event "Late-Titled-Tuesday-Blitz-April-30-2024"]
[Site "Chess.com"]
[Date "2024.04.30"]
[Round "6"]
[White "Sesleria"]
[Black "Navyblue1"]
[Result "0-1"]
[WhiteElo "2121"]
[BlackElo "2236"]
[TimeControl "180+1"]
[EndTime "15:07:18 PDT"]
[Termination "Navyblue1 won by resignation"]

1. c4 e5 2. g3 Nf6 3. Bg2 d5 4. cxd5 Nxd5 5. Nc3 Nb6 6. Nf3 Nc6 7. O-O Be7 8. d3 O-O 9. Be3 Re8 10. Rc1 Be6 11.
Nd2 Rb8 12. Nb3 Nd5 13. Nxd5 Bxd5 14. Qc2 Bxg2 15. Kxg2 Bg5 16. Bxg5 Qxg5 17. Nc5 Nd4 18. Qa4 Qe7 19. e3 Nf5 20. Rfd1 Nd6 21. Ne4 Nxe4 22. dxe4 c6 23. a3 a6 24. Qa5 Red8 25. Qb6 h6 26. h3 h5 27. b4 Qf6 28. Qc5 Qe6 29. Qb6 Qf6 30. Qc7 h4 31. Rd7 Rxd7 32. Qxd7 Qe6 33.
Qxe6 fxe6 34. Rd1 hxg3 35. Kxg3 Rc8 36. Rd7 c5 37. bxc5 Rxc5 38. Rxb7 Rc3 39. Rb6 Rxa3 40. Rxe6 Ra5 41. Kg4 Kf7 42. Rb6 Ra4 43. Kf5 Ra2 44. Rb7+ Kf8 45. f4 exf4 46. exf4 a5 47. e5 Rf2 48.
Ra7 Rf3 49. h4 Rh3 50. e6 Rxh4 51. Rxa5 Rh5+ 52. Kg6 Rxa5 53. f5 Ra7 0-1

[Event "Late-Titled-Tuesday-Blitz-April-30-2024"]
[Site "Chess.com"]
[Date "2024.04.30"]
[Round "6"]
[White "GothamChess"]
[Black "WilsonPalencia21"]
[Result "1-0"]
[WhiteElo "2685"]
[BlackElo "2523"]
[TimeControl "180+1"]
[EndTime "15:07:19 PDT"]
[Termination "GothamChess won on time"]

1. e4 c5 2. Nc3 Nc6 3. Bb5 Nd4 4. Nf3 Nxb5 5. Nxb5 a6 6. Nc3 d6 7. O-O Nf6 8. d4 cxd4 9. Qxd4 e5 10. Qd3 h6 11.
Nd2 Be6 12. Nc4 Rc8 13. Ne3 Be7 14. b3 Qc7 15. Bb2 O-O 16. Ncd5 Nxd5 17. exd5 Bd7 18. c4 f5 19. f4 e4 20. Qd2 Rf7 21. Kh1 Kh7 22.
a4 Rg8 23. g4 fxg4 24. Qc2 g6 25. Qxe4 Rgf8 26. Bd4 Qd8 27. Rf2 Bf6 28. f5 g5 29.
Nxg4 Bxd4 30. f6+ Kh8 31. Qxd4 Bxg4 32. Qxg4 Rxf6 33. Qd4 Kg8 34. Re2 Qd7 35. Rg1 Qh3 36. Qe3 Qh4 37. Reg2 Rf5 38. Qe6+ R8f7 39. Qxd6 Rf2 40.
Qe6 Rxg2 41. Rxg2 Kg7 42. Qe5+ Kh7 43. Qe2 Qf4 44. Qd3+ Kg7 45. d6 Qe5 46. Re2 1-0

[Event "Late-Titled-Tuesday-Blitz-April-30-2024"]
[Site "Chess.com"]
[Date "2024.04.30"]
[Round "6"]
[White "Alex_Sahakyan2006"]
[Black "FairChess_on_YouTube"]
[Result "0-1"]
[WhiteElo "2818"]
[BlackElo "3090"]
[TimeControl "180+1"]
[EndTime "15:07:20 PDT"]
[Termination "FairChess_on_YouTube won on time"]

1. e4 c5 2. Nf3 Nc6 3. c3 Nf6 4. e5 Nd5 5. d4 cxd4 6. cxd4 d6 7. Bc4 dxe5 8. dxe5 Ndb4 9. Qxd8+ Nxd8 10. Na3 a6 11. O-O e6 12. Bg5 Ndc6 13. Bb3 b5 14. Nc2 Nd3 15. a4 b4 16. Rfd1 Nc5 17. Bc4 Bb7 18. a5 h6 19. Be3 Be7 20. Ncd4 Nxd4 21. Nxd4 Rc8 22. Rac1 Na4 23. Rd2 O-O 24. Nxe6 fxe6 25. Bxe6+ Kh7 26. Bxc8 Bxc8 27. Rc7 Re8 28. f4 b3 29. Rc4 Nxb2 30. Rxb2 Be6 31. Rc6 Bd5 32. Rxa6 Ba3 33. Rb1 Rc8 34. Rb6 Rc2 35. R6xb3 Rxg2+ 36. Kf1 Be7 37. Rb5 Be4 38. Ra1 Rxh2 39. a6 Rh3 40. Rb3 Rh1+ 41. Bg1 Bc5 42. Rba3 Rxg1+ 43. Ke2 Rg2+ 44.
Kf1 Rf2+ 45. Ke1 Rxf4 46. Ra4 Rh4 47. a7 Rh1+ 48. Ke2 Rh2+ 49. Ke1 Ba8 50. e6 Be3 51. e7 Bf3 52. Rh4 Rxh4 0-1

[Event "Late-Titled-Tuesday-Blitz-April-30-2024"]
[Site "Chess.com"]
[Date "2024.04.30"]
[Round "6"]
[White "patzer-reloaded"]
[Black "Kombinator01"]
[Result "0-1"]
[WhiteElo "2535"]
[BlackElo "2396"]
[TimeControl "180+1"]
[EndTime "15:07:20 PDT"]
[Termination "Kombinator01 won on time"]

1. d4 e6 2. Nf3 Nf6 3. c4 b6 4. Nc3 Bb4 5. Bd2 O-O 6. e3 c5 7.
Bd3 Bb7 8. O-O d5 9. a3 Bxc3 10.
Bxc3 cxd4 11. Bxd4 Nc6 12. Bxf6 Qxf6 13. cxd5 exd5 14.
Qd2 Rad8 15. Bb5 d4 16. Bxc6 Qxc6 17. exd4 Qf6 18. Qd3 Bxf3 19. Qxf3 Qxf3 20. gxf3 Rxd4 21. Rfd1 Rfd8 22. Rxd4 Rxd4 23. Rc1 g6 24. Rc7 Rd2 25. b4 a5 26. Rc6 Rd3 27. a4 axb4 28. Rxb6 Rxf3 29.
Rxb4 Ra3 30. h4 h5 31. Kf1 Kg7 32. Ke2 Kf6 33. Kd2 Kf5 34. Kc2 Ra2+ 35. Kb3 Rxf2 36. a5 Re2 37. a6 Re8 38. a7 Ra8 39. Rb7 f6 40. Kb4 g5 41. Kb5 Kg4 42. hxg5 fxg5 43. Kb6 h4 44. Rb8 Rxa7 45. Kxa7 h3 46. Kb6 Kf3 47.
Kc5 g4 48. Kd4 h2 49. Rb3+ Kg2 50. Rb2+ Kh3 51. Rb1 g3 52. Ke4 g2 53. Rb3+ Kg4 54. Rb8 h1=Q 55. Rg8+ Kh3 0-1

[Event "Late-Titled-Tuesday-Blitz-April-30-2024"]
[Site "Chess.com"]
[Date "2024.04.30"]
[Round "6"]
[White "Kostukov_Alex"]
[Black "SHIVACalypso"]
[Result "0-1"]
[WhiteElo "2379"]
[BlackElo "2529"]
[TimeControl "180+1"]
[EndTime "15:07:22 PDT"]
[Termination "SHIVACalypso won on time"]

1. g3 Nf6 2. Bg2 g6 3. c4 Bg7 4. Nc3 c5 5. Nf3 O-O 6. d4 cxd4 7. Nxd4 Nc6 8. c5 Nxd4 9. Qxd4 Qa5 10. b4 Qd8 11.
O-O a5 12. b5 d6 13. cxd6 Qxd6 14. Qxd6 exd6 15. Ba3 Rd8 16. Rad1 Bg4 17. h3 Be6 18. Bxd6 Ne8 19. Be7 Rxd1 20. Nxd1 Bxa2 21. b6 Bf6 22. Bc5 Rc8 23. Be3 Nd6 24. Bf4 Be7 25. Ne3 a4 26. Nd5 Bf8 27. Be5 Bxd5 28. Bxd5 Rc5 29. e4 Nxe4 30.
Rd1 Nc3 31. Bxc3 Rxc3 32. Bxb7 a3 33. Bd5 Bd6 34. b7 Kg7 35. Bxf7 Bc7 36. Ba2 Be5 37. Rb1 Rc2 38. Bd5 Rb2 39. Re1 Bb8 40. Re8 Bd6 41.
Rd8 Be5 42. Ra8 Bd6 0-1

[Event "Late-Titled-Tuesday-Blitz-April-30-2024"]
[Site "Chess.com"]
[Date "2024.04.30"]
[Round "6"]
[White "tolimachess"]
[Black "ChEsper99"]
[Result "0-1"]
[WhiteElo "2433"]
[BlackElo "2247"]
[TimeControl "180+1"]
[EndTime "15:07:23 PDT"]
[Termination "ChEsper99 won by checkmate"]

1. e4 d6 2. d4 Nf6 3. Nc3 e5 4. dxe5 dxe5 5. Qxd8+ Kxd8 6. Nf3 Nc6 7. Bc4 Be6 8. Bxe6 fxe6 9. Bg5 Bb4 10. O-O-O+ Ke7 11. Ne2 h6 12. Bxf6+ gxf6 13. Rd3 Rad8 14. Rhd1 Rxd3 15. Rxd3 Rd8 16. Rb3 a5 17. a3 Bc5 18. Rxb7 Bb6 19. c4 Kd7 20. c5 Kc8 21. Rxb6 cxb6 22. cxb6 Kb7 23. Ng3 Kxb6 24. Nh5 f5 25. Ng7 fxe4 26.
Nd2 Rg8 27. Nxe6 Rxg2 28. Nxe4 Rxh2 29. Kd2 Nd4 30. N6c5 Kc6 31. Ke3 h5 32. Nd3 Kd5 33.
Nc3+ Ke6 34. Nc5+ Kf5 35. N3e4 Rh3+ 36. Kd2 Nb3+ 37. Ke2 Nxc5 38. Nxc5 h4 39. Kf1 Kf4 40. Kg2 Rf3 41. b4 axb4 42. axb4 h3+ 43. Kh2 Rxf2+ 44. Kxh3 Rc2 45. Ne6+ Kf3 46. b5 Rb2 47. Nc7 e4 48.
Ne6 e3 49. Nd4+ Kf2 50. Kg4 e2 51. Nf3 e1=Q 52. Nh4 Qe2+ 53. Kg5 Rxb5+ 54. Kg6 Qc4 55. Nf5 Qc6+ 56. Kh7 Rb7+ 57. Ng7 Qc8 58. Kh6 Qc7 59. Kh5 Qxg7 60. Kh4 Rb4+ 61. Kh3 Qg3# 0-1

[Event "Late-Titled-Tuesday-Blitz-April-30-2024"]
[Site "Chess.com"]
[Date "2024.04.30"]
[Round "6"]
[White "shrek4life02"]
[Black "imdvb6307"]
[Result "1/2-1/2"]
[WhiteElo "2716"]
[BlackElo "2550"]
[TimeControl "180+1"]
[EndTime "15:07:24 PDT"]
[Termination "Game drawn by repetition"]

1. d4 d5 2. c4 c6 3. Nf3 Nf6 4. e3 Bg4 5. Qb3 Qb6 6. Ne5 Bf5 7. f3 e6 8. g4 Bg6 9. h4 Qxb3 10. axb3 Nfd7 11.
Nxd7 Nxd7 12. h5 Bc2 13. c5 Bxb3 14. Bd3 Bc4 15. Bxc4 dxc4 16. Nd2 b5 17. cxb6 Nxb6 18. Ne4 h6 19. Ke2 Be7 20. Bd2 O-O 21. Ra6 Rfb8 22. Rc1 Rb7 23. Ba5 Rab8 24. Bxb6 Rxb6 25. Rxb6 Rxb6 26.
Rc2 Rb4 27. Nd2 c5 28. dxc5 Bxc5 29. Nxc4 f6 30. Kd2 Kf8 31. Kc3 Rb7 32. b3 Rd7 33.
Ra2 Ke7 34. Ra6 Rc7 35. e4 Kd7 36. b4 Be7 37. b5 Rb7 38. Na5 Rxb5 39. Rxa7+ Ke8 40.
Nc6 Rc5+ 41. Kd4 Rxc6 42. Rb7 Kf7 43. f4 e5+ 44. fxe5 fxe5+ 45. Kxe5 Re6+ 46. Kf5 Rf6+ 47. Ke5 Ra6 48. Kf5 Ra1 49. e5 Rf1+ 50. Ke4 Ke6 51.
Rb6+ Kf7 52. Rb7 Kf8 53. Rb8+ Kf7 54. Rb7 1/2-1/2

[Event "Late-Titled-Tuesday-Blitz-April-30-2024"]
[Site "Chess.com"]
[Date "2024.04.30"]
[Round "6"]
[White "martinmena"]
[Black "Good_Knight_Kiss"]
[Result "0-1"]
[WhiteElo "2121"]
[BlackElo "2344"]
[TimeControl "180+1"]
[EndTime "15:07:24 PDT"]
[Termination "Good_Knight_Kiss won by checkmate"]

1. c4 Nf6 2. g3 g6 3. Bg2 Bg7 4. Nc3 O-O 5. d3 d6 6. Bg5 Nc6 7. Qd2 e5 8. e4 Be6 9. Nge2 Qd7 10. O-O Bh3 11. f4 Bxg2 12. Kxg2 exf4 13. Nxf4 Nd4 14. Bxf6 Bxf6 15. Nfd5 Bg7 16. Nf6+ Bxf6 17. Rxf6 c6 18. Raf1 Qe7 19. Qh6 Rae8 20. R1f4 Nf5 21. exf5 Qxf6 22. Ne4 Qxb2+ 23. Kh3 Qg7 24. Qxg7+ Kxg7 25. Nxd6 Re2 26.
f6+ Kg8 27. a4 b6 28. Ne4 Rd8 29. d4 Rxd4 30. Ng5 Rxf4 31. gxf4 Rc2 32. Kg4 Rxc4 33. h3 Rxa4 34. Nf3 Rb4 35. Ne5 c5 36. Nc6 Rc4 37. Ne7+ Kf8 38. Nd5 Rd4 39. Nc7 Rd7 40. Nb5 a6 41.
Nc3 b5 42. Ne4 Rc7 43. Nxc5 Rxc5 44. h4 b4 45. h5 gxh5+ 46. Kh4 b3 47. f5 b2 48.
Kxh5 b1=Q 49. Kg5 Qg1+ 50. Kh5 Rxf5+ 51. Kh6 Qg5+ 52. Kxh7 Qh5# 0-1

[Event "Late-Titled-Tuesday-Blitz-April-30-2024"]
[Site "Chess.com"]
[Date "2024.04.30"]
[Round "6"]
[White "AldokhinIvan"]
[Black "ChadBiryani"]
[Result "0-1"]
[WhiteElo "2647"]
[BlackElo "2511"]
[TimeControl "180+1"]
[EndTime "15:07:25 PDT"]
[Termination "ChadBiryani won by resignation"]

1. e4 d6 2. d4 Nf6 3. Nc3 e5 4. Nf3 Nbd7 5. g4 Nxg4 6. Rg1 Ngf6 7. Bc4 h6 8. Be3 c6 9. a4 Qa5 10.
Qd2 b5 11. Bd3 b4 12. Ne2 Ba6 13. Ng3 g6 14. h4 h5 15. Bxa6 Qxa6 16. Qxb4 d5 17. Qd2 dxe4 18. Nxe5 Nxe5 19. dxe5 Rd8 20. Qe2 Qa5+ 21. c3 Qxe5 22. Bd4 Rxd4 23. cxd4 Qxd4 24. Rd1 Qxa4 25. f3 Bc5 26. Rg2 O-O 27. Nxe4 Nxe4 28. Qxe4 Bb4+ 29. Ke2 Qb5+ 30. Qd3 Re8+ 31. Kf1 Qe5 32.
Re2 Qb8 33. Rxe8+ Qxe8 34. Qd8 Kf8 35. Qxe8+ Kxe8 36. Rc1 c5 37. Ke2 f6 38. Kd3 Kd7 39.
Kc4 Ke6 40. Rd1 Kf5 41. Rd3 g5 42. Rd6 gxh4 43. Rd5+ Kg6 44. Rd3 Kg5 45. Rd5+ f5 46.
Rd6 h3 47. Rd8 h2 48. Rd1 Kf4 49. Rh1 Kg3 50. Rf1 Kg2 51. Rd1 h1=Q 52. Rxh1 Kxh1 0-1

[Event "Late-Titled-Tuesday-Blitz-April-30-2024"]
[Site "Chess.com"]
[Date "2024.04.30"]
[Round "6"]
[White "HonzaVykouk"]
[Black "mbojan"]
[Result "1-0"]
[WhiteElo "2771"]
[BlackElo "2936"]
[TimeControl "180+1"]
[EndTime "15:07:26 PDT"]
[Termination "HonzaVykouk won on time"]

1. c4 g6 2. Nc3 Bg7 3. d4 d6 4. e4 e5 5. d5 Nd7 6. Be3 a5 7. h4 h5 8. Nh3 Bh6 9. Ng5 b6 10. Be2 Nf8 11. g4 hxg4 12. Bxg4 Bxg5 13. Bxg5 Qxg5 14. Bxc8 Rxc8 15. Qa4+ Nd7 16. hxg5 Rxh1+ 17. Ke2 Rxa1 18. Nd1 Ke7 19. Qa3 Nc5 20. f3 Kd7 21. b3 Ne7 22. Qb2 Rxd1 23. Kxd1 Rh8 24. Qg2 Nd3 25.
Qg4+ Kd8 26. Kc2 Nf4 27. Qg3 Rh5 28. a3 Nh3 29. b4 axb4 30. axb4 Nxg5 31. c5 bxc5 32. bxc5 f6 33. c6 f5 34. Qf2 Rh3 35.
Qg2 Rh5 36. Qf2 Nf7 37. Qg2 Rh7 38. Kc3 Ke8 39. Kc4 Rh4 40. Kb5 g5 41. Ka6 Kd8 42.
Kb7 g4 43. Qa2 Ke8 44. Qa8+ Nd8+ 45. Kxc7 gxf3 46. Qxd8+ Kf7 47. Kd7 Ng8 48. Qxh4 fxe4 49. Qh7+ Kf8 50. Qf5+ Kg7 51. Ke6 1-0

[Event "Late-Titled-Tuesday-Blitz-April-30-2024"]
[Site "Chess.com"]
[Date "2024.04.30"]
[Round "6"]
[White "SVijayalakshmi"]
[Black "GalaxyRoman"]
[Result "1-0"]
[WhiteElo "2570"]
[BlackElo "2747"]
[TimeControl "180+1"]
[EndTime "15:07:28 PDT"]
[Termination "SVijayalakshmi won by checkmate"]

1. d4 Nf6 2. Nf3 e6 3. c4 b6 4. Nc3 Bb4 5. g3 Bb7 6. Bg2 O-O 7. O-O Bxc3 8. bxc3 d6 9. Re1 Ne4 10. Qc2 f5 11. Ng5 Qf6 12. Rf1 Qg6 13. a4 Nd7 14. a5 Ndf6 15. a6 Bc6 16. Nxe6 Rfc8 17. f3 Nxg3 18. hxg3 Qxg3 19. Qxf5 Bd7 20. d5 Re8 21.
Bf4 Qh4 22. Bg5 Qh5 23. Qf4 Bxe6 24. Bxf6 Bf7 25. Bd4 Rxe2 26. Qg3 Bg6 27. Rae1 Ree8 28. Bh3 Kh8 29. Be6 Rf8 30. Kg2 Qh6 31. Rh1 Qd2+ 32.
Qf2 Qg5+ 33. Qg3 Qd2+ 34. Kg1 Rae8 35. Rf1 Qd3 36. Kg2 Re7 37. Rf2 Bf5 38. Bxf5 Qxf5 39.
Rh4 Ref7 40. Rg4 Rg8 41. Re2 Qd3 42. Re6 Qxc4 43. Rh6 Qe2+ 44. Bf2 Qd3 45. Rh3 Qf5 46. Bd4 Rgf8 47. Rxg7 Rf6 48. Rgxh7+ Qxh7 49. Rxh7+ Kxh7 50. Qh4+ Kg7 51. Qg5+ Kh7 52. Bxf6 Rg8 53. Qxg8+ Kxg8 54.
Bd8 Kf7 55. Bxc7 Ke7 56. Bxb6 Kd7 57. Bxa7 Kc7 58. Bd4 Kb8 59. a7+ Ka8 60. f4 Kb7 61.
f5 Ka8 62. f6 Kb7 63. f7 Ka6 64. a8=Q+ Kb5 65. Qc6+ Ka5 66. Qb6+ Ka4 67. Qb4# 1-0

[Event "Late-Titled-Tuesday-Blitz-April-30-2024"]
[Site "Chess.com"]
[Date "2024.04.30"]
[Round "6"]
[White "yaguigor"]
[Black "MNyuyu"]
[Result "1/2-1/2"]
[WhiteElo "2558"]
[BlackElo "2386"]
[TimeControl "180+1"]
[EndTime "15:07:28 PDT"]
[Termination "Game drawn by repetition"]

1. d4 Nf6 2. c4 g6 3. Nc3 Bg7 4. e4 d6 5. Be2 O-O 6. Nf3 Na6 7. O-O e5 8. Be3 b6 9. d5 Nc5 10. Nd2 a5 11. b3 Ne8 12. a3 f5 13. f3 f4 14. Bf2 g5 15. b4 Nd7 16. Na4 Ndf6 17. c5 bxc5 18. bxc5 Bd7 19. cxd6 Nxd6 20. Nc5 Bc8 21. Ne6 Bxe6 22. dxe6 Qe7 23. Rc1 Qxe6 24. Rxc7 Kh8 25. Nc4 Nxc4 26. Bxc4 Qe8 27. Bc5 Qd8 28. Rc6 Qxd1 29. Rxd1 Rfc8 30. Bb5 Rxc6 31. Bxc6 Rc8 32. Rd6 Bf8 33. Rxf6 Bxc5+ 34. Kf1 Kg7 35. Bd7 Kxf6 36. Bxc8 Bxa3 37. Bd7 h5 38. Ke2 Bc5 39. Kd3 Bg1 40. h3 Ke7 41. Ba4 Kd6 42. Kc4 Ke7 43. Kb5 Kd6 44. Bb3 a4 45. Bxa4 h4 46. Bb3 Ke7 47.
Kc6 Kf6 48. Kd7 Bh2 49. Ke8 Bg3 50. Kf8 Bh2 51. Kg8 Bg3 52. Kh7 Bh2 53. Kh6 Bg3 54.
Kh5 Bh2 55. Kg4 Bg3 56. Bc4 Bh2 57. Bd3 Bg3 58. Bc4 Bh2 59. Bd3 Bg3 60. Kh5 Bh2 61.
Bf1 Bg3 62. Be2 Bh2 63. g4 Bg3 64. Kh6 Bh2 65. Bc4 Bg3 66. Kh5 Bh2 67. Bb3 Bg3 68.
Bd5 Bh2 69. Bb3 Bg3 70. Bd5 Bh2 71. Bc4 Bg3 72. Bd5 1/2-1/2

[Event "Late-Titled-Tuesday-Blitz-April-30-2024"]
[Site "Chess.com"]
[Date "2024.04.30"]
[Round "6"]
[White "cthulhuuu"]
[Black "Shuvalov"]
[Result "1-0"]
[WhiteElo "2478"]
[BlackElo "2619"]
[TimeControl "180+1"]
[EndTime "15:07:29 PDT"]
[Termination "cthulhuuu won by resignation"]

1. e4 e6 2. d3 d5 3. Nd2 c5 4. Ngf3 Nf6 5. g3 Nc6 6. Bg2 Be7 7. O-O O-O 8. e5 Nd7 9. Re1 b5 10. h4 a5 11. c4 bxc4 12. dxc4 Nb4 13. cxd5 exd5 14.
Nf1 Ba6 15. a3 Nd3 16. Re3 c4 17. Nd4 N7c5 18. Nc6 Qd7 19. Nxe7+ Qxe7 20. Bxd5 Rad8 21. Qf3 Nb3 22. Rxd3 Nxc1 23. Re3 Nd3 24. b3 Nxe5 25. Qe4 Ng6 26. Qxe7 Nxe7 27. Bxc4 Bxc4 28. bxc4 Nf5 29. Re4 Rc8 30. Rc1 Rc5 31. Ne3 Nxe3 32. Rxe3 Rfc8 33.
Re4 h5 34. f4 g6 35. Kf2 Kf8 36. Ke3 Rb8 37. Re5 Rxe5+ 38. fxe5 Rb3+ 39. Kd4 Rxa3 40. c5 Ke7 41. c6 Kd8 42. Rf1 Rxg3 43. Rxf7 a4 44. c7+ Kc8 45. e6 Rg4+ 46. Kd5 Rg1 47. e7 Re1 48. Rf8+ Kxc7 49. e8=Q Rxe8 50. Rxe8 1-0

[Event "Late-Titled-Tuesday-Blitz-April-30-2024"]
[Site "Chess.com"]
[Date "2024.04.30"]
[Round "6"]
[White "WPWPWP-2015"]
[Black "slidingknight2775"]
[Result "0-1"]
[WhiteElo "2478"]
[BlackElo "2627"]
[TimeControl "180+1"]
[EndTime "15:07:29 PDT"]
[Termination "slidingknight2775 won by checkmate"]

1. e4 c5 2. Nf3 d6 3. Bc4 Nf6 4.
d3 Nc6 5. h3 g6 6. O-O Bg7 7.
Re1 O-O 8. c3 e5 9. Bg5 Be6 10.
Qc1 Qd7 11. Bh6 Na5 12. Bxg7 Kxg7 13. Nbd2 h6 14. a4 Nc6 15. a5 a6 16. b3 Nh5 17.
Nf1 Nf4 18. Ne3 Bxc4 19. dxc4 Nd3 20. Qa3 Nxe1 21. Rxe1 Ne7 22. Rd1 Qe6 23. b4 Rac8 24. b5 f5 25. Nd2 f4 26. Nd5 Nxd5 27. cxd5 Qd7 28. b6 g5 29. f3 h5 30. Nc4 Rf6 31. Qa2 Rg6 32. Qe2 Rg8 33. Rd2 Kf8 34. Kf1 g4 35.
hxg4 hxg4 36. fxg4 Rxg4 37. Qf3 R8g6 38. Ke1 Rh6 39. Kd1 Rg3 40. Qe2 Rxc3 41. Ra2 Rh1+ 42. Kd2 Rg3 43. Nb2 Rh2 44. Qf1 Rgxg2+ 45. Kc3 Qh3+ 46. Nd3 Rxa2 47. Qg1 Rhc2+ 48. Kb3 Qxd3# 0-1